AoeStats
← THRASHER171

Arabian Desert

509297514Analyzed
1v1 RM · 6d ago on Sep 26, 2026· 40m 41s· 2 players
Game mode
Random Map
Map size
Tiny (2 player)
Population
200
Speed
Normal
Resources
Standard
Victory
Conquest
Starting age
Dark Age
Ending age
Imperial Age
RankedLock teamsTeams togetherTeam positionsShared explorationLock speedFull tech treeHidden civsTurbo modeCheats
Victory
Defeat
🇨🇴 Byzantines · Colombia
821
+16
🇺🇦 Berbers · Ukraine
817
-26
kolyamba_UKR
11:13 Feudal Age
13:26 Scale Barding Armor
16:16 Scale Mail Armor
23:57 Man-at-Arms
28:50 Fletching
29:13 Forging
29:05 Padded Archer Armor
34:11 Castle Age
33:43 Wheelbarrow
THRASHER171
7:46 Loom
9:50 Feudal Age
11:43 Wheelbarrow
11:54 Horse Collar
12:03 Double-Bit Axe
19:49 Padded Archer Armor
19:40 Fletching
23:30 Castle Age
22:23 Scale Barding Armor
22:29 Forging
23:56 Elite Skirmisher
24:39 Bodkin Arrow
25:01 Squires
25:13 Arson
25:15 Gambesons
29:28 Bow Saw
30:05 Hand Cart
30:22 Heavy Plow
30:46 Chain Barding Armor
31:02 Iron Casting
36:09 Thumb Ring
39:19 Imperial Age
38:49 Ballistics
40:37 Bracer
41:10 Crop Rotation
Connection lost

Rejoining the realm…

Still unreachable

The connection could not be restored.

Session expired

The server has moved on; the page needs a fresh start.